 Seeded DCSS version 0.30.1-11-g7821555f0a (webtiles) character file.

Game seed: 5 (custom seed)

9448 Kazon the Twirler (level 11, 0/64 HPs)
             Began as a Gargoyle Fighter on Dec 13, 2023.
             Was an Elder of Makhleb.
             Slain by Snorg (7 damage)
             ... on level 10 of the Dungeon.
             The game lasted 00:38:02 (7455 turns).

Kazon the Twirler (Gargoyle Fighter)                Turns: 7455, Time: 00:38:02

Health: 0/64       AC: 23    Str: 28    XL:     11   Next: 46%
Magic:  0/24       EV: 11    Int:  9    God:    Makhleb [****..]
Gold:   521        SH:  0    Dex: 11    Spells: 10/10 levels left

rFire   . . .        q - +2 lajatang "Elomiet" {pain, Str+6}
rCold   . . .        (shield currently unavailable)
rNeg    + . .        b - +0 scale mail
rPois   ∞            k - +0 helmet
rElec   +            d - +0 cloak
rCorr   .            L - +0 pair of gloves
SInv    .            (no boots)
Will    .....        C - amulet of guardian spirit
Stlth   +            r - ring of magical power
HPRegen 0.30/turn    M - +4 ring of protection
MPRegen 0.19/turn

%: guardian spirit
@: no status effects
A: sickness immunity, AC +8, negative energy resistance 1, electricity
resistance, torment resistance 1, petrification resistance
a: Renounce Religion, Minor Destruction, Lesser Servant of Makhleb, Major
Destruction


You were on level 10 of the Dungeon.
You worshipped Makhleb.
Makhleb was greatly pleased with you.
You visited 2 branches of the dungeon, and saw 11 of its levels.
You also visited: Ossuary.

You collected 692 gold pieces.
You spent 171 gold pieces at shops.

Inventory:

Hand Weapons
 e - a +2 vampiric dagger
 f - a +0 hand axe of flaming
 q - the +2 lajatang "Elomiet" (weapon) {pain, Str+6}
   (You acquired it on level 1 of the Dungeon)

   Str:       It affects your strength (+6).
 v - a +0 vampiric hand axe
Missiles
 n - 15 boomerangs
 o - 12 poisoned darts (quivered)
 O - a throwing net
Armour
 b - a +0 scale mail (worn)
 c - a +0 tower shield
 d - a +0 cloak (worn)
 k - a +0 helmet (worn)
 L - a +0 pair of gloves (worn)
Jewellery
 r - a ring of magical power (left hand)
 C - an amulet of guardian spirit (around neck)
 M - a +4 ring of protection (right hand)
Wands
 N - a wand of digging (7)
 P - a wand of light (6)
Scrolls
 i - 7 scrolls of identify
 m - 2 scrolls of blinking {unknown}
 p - 2 scrolls of magic mapping {unknown}
 s - 2 scrolls of summoning {unknown}
 t - 3 scrolls of teleportation {unknown}
 x - a scroll of amnesia {unknown}
 y - 2 scrolls of fog {unknown}
 B - a scroll of torment {unknown}
 F - a scroll of poison {unknown}
 H - a scroll of enchant armour {unknown}
 J - 2 scrolls of fear {unknown}
 K - a scroll of enchant weapon {unknown}
Potions
 a - a potion of ambrosia {unknown}
 h - a potion of haste {unknown}
 j - 6 potions of curing {unknown}
 l - 5 potions of flight {unknown}
 u - a potion of cancellation {unknown}
 w - 2 potions of berserk rage {unknown}
 A - a potion of lignification {unknown}
 E - 4 potions of attraction {unknown}
 G - 4 potions of heal wounds
 I - 3 potions of brilliance {unknown}


   Skills:
 + Level 6.3 Fighting
 + Level 4.2(4.3) Axes
 + Level 1.1(5.3) Polearms
 + Level 7.8 Staves
 + Level 4.0 Throwing
 + Level 5.8 Armour
 + Level 2.1 Dodging
 + Level 4.9 Stealth
 + Level 5.6 Shields
 * Level 5.6 Necromancy
 * Level 6.3 Invocations
 * Level 5.3 Evocations


You had 10 spell levels left.
You didn't know any spells.
Your spell library contained the following spells:

 Spells                   Type           Power      Damage    Failure   Level
 Frozen Ramparts          Ice            0%         1d1       94%         3
 Ignite Poison            Fire/Tmut/Pois 0%         N/A       94%         3
 Ice Form                 Ice/Tmut       0%         N/A       100%        4
 Sticky Flame             Conj/Fire      0%         2d3       100%        4
 Summon Ice Beast         Ice/Summ       0%         N/A       100%        4
 Summon Forest            Summ/Tloc      0%         N/A       100%        5
 Eringya's Noxious Bog    Tmut/Pois      0%         N/A       100%        6
 Summon Hydra             Summ           0%         N/A       100%        7
 Ignition                 Fire           0%         3d3       100%        8


Dungeon Overview and Level Annotations

Branches:
Dungeon (10/15)            Temple (1/1) D:4            Lair (0/5) D:8
Ossuary (visited)
    Orc: D:9-12

Altars:
Dithmenos
Fedhas
Gozag
Hepliaklqana
Makhleb
Qazlal
Wu Jian
Xom
The Shining One

Shops:
D:8 *

Annotations:
D:10 Snorg


Innate Abilities, Weirdness & Mutations

You are immune to sickness and miasma.
Your stone body is resilient. (AC +8)
You are immune to poison.
You resist negative energy. (rN+)
You are resistant to electric shocks. (rElec)
You are resistant to unholy torment.
You are immune to petrification.


Message History

Snorg claws you!
* * * LOW HITPOINT WARNING * * *
The wight hits you but does no damage.
Your neqoxec hits the wight! You barely miss Snorg.
Snorg is heavily wounded.
Snorg barely misses you. Snorg claws you.
* * * LOW HITPOINT WARNING * * *
Snorg claws you.
* * * LOW HITPOINT WARNING * * *
The wight hits your neqoxec with a +2 dagger.
Your neqoxec misses the wight.
You swap places.
Snorg bites your neqoxec but does no damage.
Snorg barely misses your neqoxec.
Snorg claws your neqoxec but does no damage.
Snorg bites your neqoxec!! Snorg claws your neqoxec!
Your neqoxec dies!
Your neqoxec disappears in a puff of smoke!
The wight barely misses you. The wight hits you but does no damage.
You hear a shout!
Okay, then.
Unknown command.
Aiming: Bolt of Light
Press: ? - help, Shift-Dir - straight line, f - Snorg
Aim: Snorg (heavily wounded, berserk, 74% to hit)
The bolt of light hits the wight!!
You destroy the wight!
Makhleb accepts your kill.
You feel better.
The bolt of light hits the wight!!
You destroy the wight!
Makhleb accepts your kill.
You feel better.
The bolt of light hits Snorg!!
Snorg is severely wounded.
Snorg is blinded.
Aiming: Paralyse
Press: ? - help, Shift-Dir - straight line, f/p - Snorg
Aim: Snorg (severely wounded, berserk, blind, chance to affect: 28%) Snorg easily resists.
The now-empty wand crumbles to dust.
Snorg closely misses you. Snorg misses you. Snorg claws you!
You die...

#####...# #. #...#...#
#..#...#...#
#..#...#...#########
#..###'#............
#...................
#...................
#...................
######.........@T).......
..............###.)......
<........###### #........
.........# #........
.........# #..######
.........# #..#
........## #..# #######.#
#..# #.# ...#


You could see Snorg (berserk, blind).

Vanquished Creatures
  2 two-headed ogres
  Maurice (D:9)
  2 polar bears (D:8)
  A hornet (D:9)
  2 shadows (D:9)
  Sigmund (D:4)
  2 vampires (D:9)
  A wyvern (D:8)
  A yak (D:8)
  3 basilisks (D:8)
  A steam dragon (D:8)
  Duvessa (D:6)
  6 water moccasins
  An ice beast (D:8)
  An orc warrior (D:9)
  A sky beast (D:7)
  5 black bears
  3 wolves (D:8)
  5 centaurs
  2 ogres
  An elf zombie (Ossuary)
  2 kobold brigands
  A bullfrog (D:8)
  A gnoll sergeant (D:8)
  3 scorpions
  17 wights
  8 killer bees
  Dowan (D:6)
  4 howler monkeys
  A vampire bat (D:7)
  An electric eel (D:8)
  6 hounds
  A wyvern simulacrum (D:8)
  A centaur zombie (Ossuary)
  4 orc priests
  3 human zombies (Ossuary)
  A jelly (D:5)
  6 iguanas
  9 orc wizards
  4 ogre zombies (Ossuary)
  A centaur simulacrum (D:8)
  7 mummies (Ossuary)
  11 gnolls
  9 adders
  A shadow imp (D:8)
  A white imp (D:7)
  2 ufetubi
  A worm zombie (D:7)
  2 adder zombies (Ossuary)
  3 worms
  24 orcs
  12 bats
  9 endoplasms
  A giant cockroach (D:1)
  12 goblins
  7 hobgoblins
  11 jackals
  15 kobolds
  3 quokkas (D:4)
  6 ball pythons
  3 frilled lizards
  4 goblin zombies (Ossuary)
  6 hobgoblin zombies
  3 kobold zombies
  4 quokka zombies (Ossuary)
  4 rats
  4 rat zombies (Ossuary)
283 creatures vanquished.

Vanquished Creatures (collateral kills)
  A wight (D:10)
1 creature vanquished.

Grand Total: 284 creatures vanquished

Notes
Turn   | Place    | Note
-------+----------+-------------------------------------------
     0 | D:1      | Kazon the Gargoyle Fighter began the quest for the Orb.
     0 | D:1      | Reached XP level 1. HP: 14/14 MP: 1/1
    44 | D:1      | Identified a scroll of acquirement
    44 | D:1      | Acquired the +2 lajatang "Elomiet" {pain, Str+6}
    65 | D:1      | Reached XP level 2. HP: 19/19 MP: 2/2
   285 | D:1      | Reached XP level 3. HP: 23/23 MP: 3/3
   832 | D:2      | Reached skill level 1 in Staves
   901 | D:2      | Reached skill level 1 in Stealth
   901 | D:2      | Reached XP level 4. HP: 26/28 MP: 4/4
  1277 | D:2      | Reached skill level 2 in Staves
  1381 | D:2      | Reached skill level 1 in Necromancy
  1568 | D:3      | Found a blossoming altar of Fedhas.
  1587 | D:3      | Reached XP level 5. HP: 33/33 MP: 5/5
  1670 | D:3      | You fall into a shaft and drop 3 floors!
  1755 | D:5      | Entered Level 5 of the Dungeon
  1853 | D:4      | Found a staircase to the Ecumenical Temple.
  1863 | Temple   | Entered the Ecumenical Temple
  1879 | Temple   | Became a worshipper of Makhleb the Destroyer
  1901 | D:4      | Reached XP level 6. HP: 38/38 MP: 6/6
  1949 | D:3      | Found a stormy altar of Qazlal.
  2142 | D:3      | Identified the +2 sling "Qeuhanocyt" {speed, rElec Str-3
                  | Dex+2}
  2161 | D:3      | Found a faded altar of an unknown god.
  2274 | D:4      | Noticed a black bear
  2285 | D:4      | Killed a black bear
  2286 | D:4      | Reached skill level 3 in Staves
  2286 | D:4      | Reached skill level 1 in Throwing
  2305 | D:4      | Found a hazy altar of Hepliaklqana.
  2310 | D:4      | Found a shadowy altar of Dithmenos.
  2310 | D:4      | Noticed a shadow
  2335 | D:4      | Noticed Sigmund
  2349 | D:4      | Killed Sigmund
  2350 | D:4      | Reached skill level 1 in Invocations
  2350 | D:4      | Reached XP level 7. HP: 43/43 MP: 7/7
  2468 | D:4      | Reached skill level 1 in Evocations
  2799 | D:4      | Reached skill level 4 in Staves
  3042 | D:5      | Reached skill level 1 in Polearms
  3176 | D:5      | Reached skill level 1 in Dodging
  3176 | D:5      | Reached XP level 8. HP: 48/48 MP: 9/9
  3187 | D:5      | Reached * piety under Makhleb
  3389 | D:6      | Noticed Dowan
  3390 | D:6      | Noticed Duvessa
  3402 | D:6      | Killed Duvessa
  3409 | D:6      | Killed Dowan
  3487 | D:6      | Found a shimmering altar of Xom.
  3800 | D:7      | Reached XP level 9. HP: 47/52 MP: 11/11
  3886 | D:7      | Reached ** piety under Makhleb
  3996 | D:7      | Found a sand-covered staircase.
  3999 | D:7      | HP: 1/52 [killer bee (3)]
  4002 | D:7      | Reached skill level 5 in Shields
  4060 | Ossuary  | Entered an ossuary
  4407 | Ossuary  | Reached *** piety under Makhleb
  4801 | D:7      | Noticed a two-headed ogre
  4807 | D:7      | HP: 2/52 [two-headed ogre/+0 giant spiked club (15)]
  4808 | D:7      | Killed a two-headed ogre
  4809 | D:7      | Reached skill level 5 in Staves
  4809 | D:7      | Reached skill level 5 in Armour
  4809 | D:7      | Reached XP level 10. HP: 13/58 MP: 0/13
  4992 | D:7      | Reached skill level 5 in Necromancy
  5092 | D:7      | Reached skill level 5 in Fighting
  5266 | D:8      | Reached skill level 5 in Invocations
  5489 | D:8      | Reached skill level 6 in Staves
  5510 | D:8      | Found a staircase to the Lair.
  5522 | D:8      | Found Izo Qiri's Assorted Antiques.
  5531 | D:8      | Bought a scroll labelled JIYFIZX FOFUA for 29 gold pieces
  5531 | D:8      | Bought a sedimented brown potion for 26 gold pieces
  5531 | D:8      | Bought a curved iron wand for 116 gold pieces
  5768 | D:8      | Reached **** piety under Makhleb
  5817 | D:8      | Reached XP level 11. HP: 64/64 MP: 15/15
  5828 | D:8      | Reached skill level 7 in Staves
  6482 | D:9      | Reached skill level 5 in Evocations
  6608 | D:9      | Noticed Maurice
  6693 | D:9      | Killed Maurice
  7376 | D:10     | Entered Level 10 of the Dungeon
  7396 | D:10     | Noticed a two-headed ogre
  7405 | D:10     | Killed a two-headed ogre
  7440 | D:10     | Noticed Snorg
  7450 | D:10     | HP: 2/64 [Snorg (4)]
  7455 | D:10     | Slain by Snorg

Illustrated notes

Levels and vault maps discovered:
D:1:      ebering_trefoil_3fold, layout_basic, st_stairs_14, serial_bayou_ford_a
D:2:      layout_basic, hangedman_decor_growths, minmay_close_crescents
D:3:      layout_rooms, mainiacjoe_overflow_concentric_impassable,
          mainiacjoe_overflow_paths, shapermc_ecumenical_altar_acropolis,
          chequers_serial_rivers_micro_b
D:4:      layout_basic, riverfiend_overflow_shadow_ancestor,
          minmay_temple_entry_glass, uniq_sigmund
D:5:      layout_gridville
D:6:      layout_basic, xom_teletrap_fun, uniq_duvessa
D:7:      layout_loops_ring, enter_ossuary_3, roderic_batcave
D:8:      layout_layer_cave, minmay_lair_entry_grove, serial_shops,
          nicolae_lakefront_shop, serial_ice, serial_ice_o, serial_ice_d,
          serial_ice_k, serial_ice_a
D:9:      layout_loops_ring, nicolae_wwwww, uniq_maurice
D:10:     layout_irregular_city, led_sif_pool, uniq_snorg
Temple:   nicolae_temple_elliptical

Skill      XL: |  1  2  3  4  5  6  7  8  9 10 11 |
---------------+----------------------------------+-----
Staves         | 1 2 3 4 5 6 7 |  7.8
Stealth        | 1 2 4 |  4.9
Necromancy     | 1 2 3 4 5 |  5.6
Fighting       | 4 5 6 |  6.3
Throwing       | 1 2 3 4 |  4.0
Armour         | 4 5 |  5.8
Invocations    | 1 2 3 4 5 6 |  6.3
Evocations     | 2 3 4 5 |  5.3
Polearms       | 1 |  1.1
Axes           | 2 4 |  4.2
Dodging        | 1 2 |  2.1
Shields        | 4 5 |  5.6

Action                     |  1- 3 |  4- 6 |  7- 9 | 10-12 || total
---------------------------+-------+-------+-------+-------++-------
  Melee: War axe           |    19 |       |       |       ||    19
         Lajatang          |    93 |   114 |    91 |   366 ||   664
         Hand axe          |       |       |   467 |       ||   467
         Halberd           |       |       |     9 |       ||     9
  Throw: Dart              |       |     6 |     6 |     7 ||    19
         Stone             |       |     3 |    49 |       ||    52
         Boomerang         |       |       |    19 |    44 ||    63
 Invoke: Lesser Servant of |       |       |       |     1 ||     1
  Evoke: Wand              |       |       |     1 |     2 ||     3
    Use: Scroll            |     2 |       |       |     1 ||     3
         Potion            |     1 |       |       |       ||     1
 Armour: Scale mail        |    70 |    51 |   325 |   289 ||   735
         Skin              |       |       |       |    13 ||    13
  Dodge: Dodged            |    60 |    62 |   195 |   217 ||   534
  Block: Buckler           |     6 |       |       |       ||     6
         Tower shield      |       |       |   424 |       ||   424
